 Dungeon Crawl Stone Soup version 0.19.0-2-gae57169 (webtiles) character file.

117637 Patchouli the Eclecticist (level 15, -22/84 HPs)
             Began as a Deep Elf Ice Elementalist on Nov 2, 2016.
             Was the Champion of Kikubaaqudgha.
             Annihilated by an acid blob (24 damage)
             ... on level 1 of the Pits of Slime on Nov 3, 2016.
             The game lasted 05:04:02 (20280 turns).

Patchouli the Eclecticist (DEIE)                   Turns: 20280, Time: 05:04:03

Health: -22/84     AC: 11    Str:  9    XL:     15   Next: 92%
Magic:  38/46      EV: 21    Int: 27    God:    Kikubaaqudgha [******]
Gold:   901        SH:  0    Dex: 21    Spells: 13 memorised, 3 levels left

rFire  . . .     SeeInvis +     y - +11 great sword "Oliuvuut" {slice, rElec rC+ Str+4}
rCold  + . .     Gourm    .     V - +2 troll leather armour
rNeg   . . .     Faith    .     (shield currently unavailable)
rPois  .         Spirit   .     d - +0 helmet
rElec  +         Reflect  .     (no cloak)
rCorr  .         Harm     .     N - +0 pair of gloves
MR     +....                    (no boots)
Stlth  ++........               g - amulet of magic regeneration
                                G - ring of Gimoban {Dex+6 SInv}
                                q - ring of magical power

@: icy armour, corroded, very slightly contaminated, slow
A: no striking features
a: Receive Corpses, Torment, Brand Weapon With Pain, Receive Necronomicon,
Renounce Religion
}: 1/15 runes: decaying


You were on level 1 of the Pits of Slime.
You worshipped Kikubaaqudgha.
Kikubaaqudgha was exalted by your worship.
You were not hungry.

You visited 7 branches of the dungeon, and saw 31 of its levels.
You also visited: Sewer and Ossuary.

You collected 2495 gold pieces.
You spent 1594 gold pieces at shops.

Inventory:

Hand Weapons
 y - the +11 great sword "Oliuvuut" (weapon) {slice, rElec rC+ Str+4}
   (You found it on level 5 of the Lair of Beasts)

   It inflicts extra damage upon your enemies.
   It affects your strength (+4).
   It protects you from cold.
   It insulates you from electricity.
Missiles
 L - 55 bolts
Armour
 d - a +0 helmet (worn)
 e - +0 swamp dragon scales
 l - a +2 robe of fire resistance
 n - a +0 hat
 N - a +0 pair of gloves (worn)
 V - a +2 troll leather armour (worn)
Rods
 a - a -1 rod of shadows (13/13)
   (You found it on level 2 of the Lair of Beasts)
Jewellery
 g - an amulet of magic regeneration (around neck)
 j - an uncursed ring of magical power
 k - an uncursed amulet of regeneration
 q - a ring of magical power (left hand)
 C - an uncursed ring of teleportation
 G - the ring of Gimoban (right hand) {Dex+6 SInv}
   (You found it on level 6 of the Lair of Beasts)

   [ring of see invisible]

   It affects your dexterity (+6).
   It lets you see invisible.
Wands
 i - a wand of confusion (22/48)
 t - a wand of acid (0/15)
 z - a wand of digging (4/24)
 B - a wand of paralysis (5/24)
 I - a wand of disintegration (0/24)
 K - a wand of hasting (3/9)
 R - a wand of enslavement (12/24)
Scrolls
 b - a scroll of magic mapping
 f - 12 scrolls of identify
 u - a scroll of vulnerability
 v - a scroll of teleportation
 x - 9 scrolls of immolation
 D - a scroll of recharging
 E - 4 scrolls of enchant weapon
 M - 2 scrolls of remove curse
 S - 2 scrolls of silence
Potions
 h - 5 potions of curing
 o - a potion of mutation {unknown}
 p - a potion of agility
 s - a potion of might
 A - 2 potions of resistance
 H - 4 potions of flight
 J - a potion of haste
Miscellaneous
 Q - a phial of floods
 X - a disc of storms
Comestibles
 c - 9 bread rations
 m - a meat ration
 r - 2 fruits


   Skills:
 * Level 5.8 Fighting
 + Level 4.7 Armour
 + Level 11.1 Dodging
 - Level 2.4 Stealth
 * Level 16.9 Spellcasting
 * Level 10.1 Conjurations
 - Level 6.3 Charms
 - Level 8.0 Summonings
 + Level 10.7 Necromancy
 - Level 2.1 Translocations
 - Level 4.0 Transmutations
 * Level 13.2 Ice Magic
 * Level 8.4 Air Magic
 * Level 7.0 Evocations


You had 3 spell levels left.
You knew the following spells:

 Your Spells              Type           Power        Failure   Level  Hunger
a - Freeze                Ice            ####         0%          1    None
b - Throw Frost           Conj/Ice       ######       1%          2    None
c - Freezing Cloud        Conj/Ice/Air   ######....   8%          6    ###....
d - Dispel Undead         Necr           ######..     1%          5    None
i - Summon Ice Beast      Ice/Summ       ######..     1%          4    None
k - Blink                 Tloc           N/A          1%          2    None
m - Simulacrum            Ice/Necr       ######....   3%          6    ###....
o - Ice Form              Ice/Tmut       ######..     1%          4    None
q - Ozocubu's Armour      Chrm/Ice       ######..     1%          3    None
r - Regeneration          Chrm/Necr      ######....   1%          3    None
s - Sublimation of Blood  Necr           ######....   1%          2    None
t - Throw Icicle          Conj/Ice       ######..     1%          4    None
w - Swiftness             Chrm/Air       ######..     1%          2    None


Dungeon Overview and Level Annotations

Branches:
Dungeon (15/15)            Temple (1/1) D:4            Lair (6/6) D:11
  Swamp (4/4) Lair:2       Spider (0/4) Lair:4        Slime (2/5) Lair:5
    Orc (2/2) D:10            Elf (0/3) Orc:2        Depths (1/5) D:15
 Vaults: D:13-14

Altars:
Ashenzari
Cheibriados
Dithmenos
Elyvilon
Fedhas
Gozag
Hepliaklqana
Kikubaaqudgha
Makhleb
Nemelex Xobeh
Okawaru
Qazlal
Ru
Sif Muna
Trog
Vehumet
Xom
Yredelemnul
Zin
The Shining One

Shops:
D:13 !   Orc:1 (   Orc:2 ([*:

Portals:
Hell: Depths:1
Trove: D:11 (give 5 scrolls of blinking)

Annotations:
Lair:4 Nessos


Message History

Casting: Summon Ice Beast
Confirm with . or Enter, or press ? or * to list all spells.
You blink.
The acid blob spits acid at you. The splash of acid hits you!
* * * LOW HITPOINT WARNING * * *
You are splashed with acid!
The acid burns!
* * * LOW HITPOINT WARNING * * *
The walls burn your ice beast!
Okay, then.
Casting: Blink
Confirm with . or Enter, or press ? or * to list all spells.
You miscast Blink.
You are very lightly contaminated with residual magic.
The world appears momentarily distorted!
The wall burns your ice beast! The slime creature hits you.
* * * LOW HITPOINT WARNING * * *
The acid blob hits you!!
You die...
Kikubaaqudgha rasps: "You have failed me!
Welcome... death!"

##.####...#.#.### #.
###...##...##.....###.
##.##..##...........#..
#...#............#.#...
#...##............#....
#...#.............#....
#........>............#
#.....J...........#....
##...J@.......†........
##.§Y.................
#.....................
#.#.#............<.....
#....##.................
##.........>...###.#....
###..........####......
##.....#.....#.......
##.#................


You could see an acid blob, a slime creature and a friendly ice beast.

Vanquished Creatures
  A thorn hunter (Swamp:3)
  A very ugly thing (Depths:1)
  A stone giant (Depths:1)
  An ettin (Depths:1)
  2 fire dragons (Depths:1)
  A yaktaur captain (Depths:1)
  A great orb of eyes (Depths:1)
  5 alligators
  5 hydras (Swamp:4)
  A centaur warrior (D:15)
  2 tengu warriors
  A deep troll shaman (Depths:1)
  2 orc high priests (Orc:2)
  An ogre mage (Depths:1)
  2 deep troll earth magi (Depths:1)
  Sonja (Lair:1)
  6 skeletal warriors
  2 deep trolls (Depths:1)
  3 spriggan druids
  A glowing orange brain (Depths:1)
  A wizard (Depths:1)
  4 swamp dragons
  3 hill giants
  3 orc knights (Orc:2)
  A harpy (Lair:6)
  2 deep elf magi (D:12)
  An ugly thing (Depths:1)
  3 orc sorcerers (Orc:2)
  2 manticores (D:15)
  A cyclops (D:15)
  A centaur zombie (D:13)
  An elephant (Lair:6)
  An eye of devastation (Slime:1)
  A gargoyle (D:12)
  2 komodo dragons (Lair:6)
  12 spiny frogs
  3 rime drakes
  4 yaktaurs (Depths:1)
  A harpy zombie (D:13)
  A troll (Orc:1)
  2 tengu conjurers (D:13)
  A hornet (Lair:6)
  5 blink frogs
  8 slime creatures
  A raiju (shapeshifter) (Depths:1)
  3 bog bodies
  3 hippogriffs
  2 dream sheep (Lair:6)
  A shadow (Swamp:3)
  A hog (Swamp:1)
  A vampire (D:11)
  A wyvern (Lair:6)
  3 yaks
  5 fire elementals (D:15)
  A basilisk (Lair:4)
  A hungry ghost (D:10)
  20 vampire mosquitoes
  A mottled dragon (D:14)
  12 swamp worms
  5 water moccasins
  2 hell hounds (D:15)
  3 porcupines
  12 orc warriors
  7 swamp drakes
  An ice beast (D:11)
  A sky beast (D:12)
  7 ogres
  A phantom (D:11)
  A hornet zombie (D:12)
  8 centaurs
  4 crocodiles
  A big kobold (Sewer)
  9 bullfrogs
  A wyvern zombie (D:13)
  A killer bee (D:9)
  An electric eel (Lair:2)
  4 wights (D:13)
  5 crimson imps
  A bullfrog zombie (D:13)
  16 orc priests
  9 jellies (Lair:5)
  17 orc wizards
  4 worker ants
  A mummy (D:13)
  4 adders
  A river rat (Sewer)
  A shadow imp (D:9)
  An ooze (Lair:5)
  A worm (Sewer)
  2 leopard geckos
  63 orcs
  2 ball pythons
  A giant cockroach (D:4)
  3 hobgoblins
  3 jackals (D:7)
  7 kobolds
  A quokka (D:10)
  4 bats (D:11)
  An orc zombie (Ossuary)
  10 rats
387 creatures vanquished.

Vanquished Creatures (collateral kills)
  the Lernaean hydra (Swamp:4)
  Frances (D:13)
  Donald (Swamp:2)
  Kirke (Swamp:2)
  An azure jelly (Slime:1)
  An orc warlord (Orc:2)
  Louise (Swamp:2)
  A stone giant (Depths:1)
  A very ugly thing (Depths:1)
  Azrael (D:15)
  Snorg (Lair:6)
  An ettin (Orc:2)
  A great orb of eyes (Depths:1)
  12 hydras
  2 ice dragons (Depths:1)
  A merfolk avatar (Lair:6)
  2 centaur warriors
  The ghost of Querens the Protected, a journeyman DDNe of Okawaru (Lair:2)
  Erica (D:11)
  A ghost crab (Swamp:2)
  4 alligators
  An orc high priest (Orc:2)
  The ghost of Jerry the Spear-Bearer, a novice MiMo of Hepliaklqana (Lair:3)
  2 spriggan druids
  2 shambling mangroves (Swamp:2)
  An orc knight (Orc:2)
  2 hill giants
  5 swamp dragons (Swamp:4)
  An ugly thing (D:13)
  A manticore (Lair:6)
  10 elephants (Lair:6)
  A black mamba (Lair:6)
  3 gargoyles
  6 spiny frogs
  A centaur skeleton (D:11)
  2 rime drakes
  7 yaktaurs (Depths:1)
  6 komodo dragons
  7 hornets
  8 trolls
  2 tyrant leeches
  A polar bear (Lair:6)
  4 bog bodies
  A wind drake (Lair:6)
  2 two-headed ogres
  7 blink frogs (Lair:6)
  A hippogriff (D:11)
  25 slime creatures
  2 dream sheep (Lair:6)
  4 spriggans (Swamp:2)
  A wyvern (Lair:6)
  14 yaks
  3 fire bats (D:13)
  A human (D:11)
  8 hogs
  10 vampire mosquitoes
  A warg (Orc:2)
  12 swamp worms
  3 porcupines
  8 water moccasins
  4 swamp drakes
  4 ice beasts
  2 sky beasts
  14 orc warriors
  A necrophage (D:11)
  9 ogres
  5 centaurs
  12 crocodiles
  2 big kobolds (Sewer)
  8 bullfrogs
  9 killer bees
  3 howler monkeys (D:10)
  A crimson imp (D:9)
  2 hounds
  5 jellies
  6 orc wizards (Orc:2)
  3 orc priests
  A human zombie (Ossuary)
  A bullfrog skeleton (D:9)
  2 iguanas
  A worker ant (D:11)
  A big kobold zombie (Ossuary)
  A hound zombie (D:6)
  6 mummies
  3 gnolls (Orc:1)
  3 river rats
  2 adders
  A shadow imp (D:11)
  An ooze (Sewer)
  3 worms
  18 orcs
  3 ball pythons
  5 bats (D:11)
  A giant cockroach (D:4)
  2 jackals (D:9)
  A jackal skeleton (D:8)
  2 kobolds (Sewer)
  A kobold zombie (Ossuary)
  A quokka skeleton (D:4)
  7 rats
  A bush (Lair:6)
  2 fungi
  3 plants (Lair:6)
377 creatures vanquished.

Vanquished Creatures (others)
  5 fungi
  9 plants
14 creatures vanquished.

Grand Total: 778 creatures vanquished

Notes
Turn   | Place    | Note
-------+----------+-------------------------------------------
     0 | D:1      | Patchouli the Deep Elf Ice Elementalist began the quest for the Orb.
     0 | D:1      | Reached XP level 1. HP: 10/10 MP: 6/6
   148 | D:3      | Reached XP level 2. HP: 14/15 MP: 4/8
   158 | D:2      | Learned a level 2 spell: Throw Frost
   214 | D:2      | Reached skill level 4 in Spellcasting
   290 | D:3      | Reached XP level 3. HP: 19/19 MP: 5/10
   457 | D:5      | Entered Level 5 of the Dungeon
   520 | D:5      | Learned a level 3 spell: Ozocubu's Armour
   522 | D:5      | Found a glowing drain.
   527 | Sewer    | Entered a sewer
   539 | Sewer    | Reached XP level 4. HP: 11/24 MP: 6/12
   592 | Sewer    | Learned a level 4 spell: Summon Ice Beast
   611 | Sewer    | Noticed a big kobold
   638 | Sewer    | Killed a big kobold
   638 | Sewer    | Reached skill level 5 in Spellcasting
   638 | Sewer    | Reached skill level 1 in Summonings
   638 | Sewer    | Reached XP level 5. HP: 13/28 MP: 7/14
  1205 | D:4      | Reached skill level 6 in Spellcasting
  1226 | D:4      | Found a staircase to the Ecumenical Temple.
  1231 | Temple   | Entered the Ecumenical Temple
  1318 | Temple   | Became a worshipper of Kikubaaqudgha
  1403 | D:4      | Found a blossoming altar of Fedhas.
  1410 | D:4      | Found a deep blue altar of Sif Muna.
  1410 | D:4      | Found a shadowy altar of Dithmenos.
  1410 | D:4      | Found a shattered altar of Ashenzari.
  1442 | D:4      | Reached XP level 6. HP: 32/32 MP: 7/17
  1451 | D:4      | Learned a level 4 spell: Throw Icicle
  1746 | D:6      | Noticed an orc warrior
  1917 | D:6      | Reached skill level 5 in Ice Magic
  2152 | D:8      | Found a stormy altar of Qazlal.
  2370 | D:8      | Reached XP level 7. HP: 36/36 MP: 3/19
  2376 | D:8      | Reached skill level 7 in Spellcasting
  2410 | D:8      | Found a sand-covered staircase.
  2471 | Ossuary  | Entered an ossuary
  2634 | Ossuary  | Reached * piety under Kikubaaqudgha
  2634 | Ossuary  | Identified Kikubaaqudgha's Incunabulum of Evil Rites (Kikubaaqudgha gifted it to you in an ossuary)
  2634 | Ossuary  | Received a gift from Kikubaaqudgha
  2639 | Ossuary  | Learned a level 2 spell: Sublimation of Blood
  2643 | Ossuary  | Learned a level 3 spell: Regeneration
  3139 | D:10     | Entered Level 10 of the Dungeon
  3240 | D:10     | Noticed a hungry ghost
  3249 | D:10     | Reached skill level 1 in Necromancy
  3269 | D:10     | Killed a hungry ghost
  3269 | D:10     | Reached skill level 8 in Spellcasting
  3271 | D:10     | Reached ** piety under Kikubaaqudgha
  3346 | D:9      | Reached XP level 8. HP: 41/41 MP: 17/22
  3516 | D:9      | Reached skill level 5 in Summonings
  3773 | D:8      | Noticed a hornet
  3821 | D:8      | Killed a hornet
  3821 | D:8      | Reached skill level 9 in Spellcasting
  4065 | D:11     | Noticed a gargoyle
  4090 | D:11     | Killed a gargoyle
  4321 | D:10     | Found a staircase to the Orcish Mines.
  4333 | Orc:1    | Entered Level 1 of the Orcish Mines
  4333 | Orc:1    | Noticed a troll
  4333 | Orc:1    | Noticed a two-headed ogre
  4338 | Orc:1    | Killed a two-headed ogre
  4347 | Orc:1    | Killed a troll
  4347 | Orc:1    | Reached XP level 9. HP: 46/46 MP: 11/24
  4365 | Orc:1    | Found Wusm's Weapon Shoppe.
  4416 | Orc:1    | Noticed a troll
  4436 | Orc:1    | Killed a troll
  4436 | Orc:1    | Reached skill level 5 in Necromancy
  4436 | Orc:1    | Reached skill level 1 in Evocations
  4590 | Orc:1    | Noticed a troll
  4603 | Orc:1    | Killed a troll
  4603 | Orc:1    | Reached *** piety under Kikubaaqudgha
  4603 | Orc:1    | Identified Kikubaaqudgha's Volume of Stolen Souls (Kikubaaqudgha gifted it to you on level 1 of the Orcish Mines)
  4603 | Orc:1    | Received a gift from Kikubaaqudgha
  4629 | Orc:1    | Learned a level 5 spell: Dispel Undead
  4643 | Orc:1    | Noticed a troll
  4655 | Orc:1    | Killed a troll
  4715 | Orc:1    | Reached skill level 1 in Fighting
  4759 | Orc:2    | Entered Level 2 of the Orcish Mines
  4815 | Orc:2    | Noticed a troll
  4818 | Orc:2    | Noticed an orc knight
  4823 | Orc:2    | Killed a troll
  5015 | D:11     | Noticed Erica
  5030 | D:11     | Killed Erica
  5030 | D:11     | Reached skill level 1 in Armour
  5075 | D:11     | Found a portal to a secret trove of treasure.
  5100 | D:11     | Reached skill level 10 in Spellcasting
  5170 | D:11     | Reached **** piety under Kikubaaqudgha
  5200 | D:11     | Found a staircase to the Lair.
  5229 | D:11     | Noticed a hill giant
  5238 | D:11     | Killed a hill giant
  5238 | D:11     | Reached XP level 10. HP: 52/53 MP: 9/26
  5308 | D:11     | Learned a level 4 spell: Ice Form
  5415 | D:11     | Noticed a gargoyle
  5430 | D:11     | Killed a gargoyle
  5463 | D:11     | Reached skill level 1 in Transmutations
  5594 | Lair:1   | Entered Level 1 of the Lair of Beasts
  5633 | Lair:1   | Noticed Sonja
  5657 | Lair:1   | Killed Sonja
  5904 | Lair:1   | Noticed a spiny frog
  5910 | Lair:1   | Killed a spiny frog
  6220 | Lair:2   | Noticed Querens's ghost (journeyman DDNe)
  6232 | Lair:2   | Killed Querens's ghost
  6232 | Lair:2   | Reached skill level 5 in Dodging
  6249 | Lair:2   | Reached ***** piety under Kikubaaqudgha
  6271 | Lair:2   | Reached skill level 11 in Spellcasting
  6410 | Lair:2   | Found a staircase to the Swamp.
  6431 | Swamp:1  | Entered Level 1 of the Swamp
  6431 | Swamp:1  | Noticed an eight-headed hydra
  6451 | Lair:2   | Reached XP level 11. HP: 24/57 MP: 5/28
  6694 | Lair:3   | Noticed a five-headed hydra
  6708 | Lair:3   | Killed a five-headed hydra
  6752 | Lair:3   | Noticed a four-headed hydra
  6759 | Lair:3   | Killed a four-headed hydra
  6879 | Lair:3   | Noticed Jerry's ghost (novice MiMo)
  6887 | Lair:3   | Killed Jerry's ghost
  7047 | Lair:3   | Got a tattered robe
  7058 | Lair:3   | Identified the +1 robe "Ykkokla" {rF+} (You found it on level 3 of the Lair of Beasts)
  7168 | Lair:4   | Noticed Nessos
  7246 | Lair:2   | Identified a -1 rod of shadows (13/13) (You found it on level 2 of the Lair of Beasts)
  7608 | Orc:2    | Killed an orc knight
  7921 | Orc:2    | Noticed an orc sorcerer
  7930 | Orc:2    | Noticed a sun demon
  7936 | Orc:2    | Killed an orc sorcerer
  7936 | Orc:2    | Reached skill level 10 in Ice Magic
  7997 | Orc:2    | Reached skill level 12 in Spellcasting
  8094 | Orc:2    | Learned a level 6 spell: Simulacrum
  8117 | Orc:2    | Noticed an orc knight
  8117 | Orc:2    | Noticed an orc knight
  8282 | Orc:2    | Killed an orc knight
  8432 | Orc:2    | Noticed an ettin
  8726 | D:12     | Got a warped war axe
  8727 | D:12     | Identified the +7 war axe of Gozag {chop, Int+5} (You found it on level 12 of the Dungeon)
  8765 | D:12     | Found a sparkling altar of Nemelex Xobeh.
  8766 | D:12     | Noticed a deep elf mage
  8775 | D:12     | Killed a deep elf mage
  8817 | D:12     | Reached skill level 1 in Charms
  8831 | D:12     | Reached XP level 12. HP: 62/62 MP: 1/30
  8954 | D:12     | Reached skill level 13 in Spellcasting
  9098 | D:13     | Found Faeluq's Distillery.
  9101 | D:13     | Bought a potion of might for 72 gold pieces
  9101 | D:13     | Bought a potion of haste for 180 gold pieces
  9101 | D:13     | Bought a potion of lignification for 54 gold pieces
  9101 | D:13     | Bought a potion of heal wounds for 90 gold pieces
  9149 | D:13     | Reached skill level 5 in Conjurations
  9626 | D:13     | Noticed Frances
  9635 | D:13     | Killed Frances
  9713 | D:13     | Noticed a fire giant
 10019 | Orc:2    | Noticed an orc high priest
 10034 | Orc:2    | Killed an orc high priest
 10043 | Orc:2    | Noticed an orc warlord
 10475 | Lair:4   | Found a hole to the Spider Nest.
 10565 | Lair:5   | Reached skill level 5 in Charms
 10628 | Lair:5   | Got an ancient great sword
 10629 | Lair:5   | Identified the +11 great sword "Oliuvuut" {slice, rElec rC+ Str+4} (You found it on level 5 of the Lair of Beasts)
 10660 | Lair:6   | Entered Level 6 of the Lair of Beasts
 10749 | Lair:6   | Paralysed by a hornet for 3 turns
 10757 | Lair:6   | Paralysed by a hornet for 1 turns
 10977 | Lair:6   | Reached skill level 14 in Spellcasting
 11151 | Lair:6   | Reached XP level 13. HP: 66/66 MP: 18/33
 11162 | Lair:6   | Learned a level 6 spell: Freezing Cloud
 11182 | Lair:6   | Noticed Snorg
 11198 | Lair:6   | Killed Snorg
 11198 | Lair:6   | Reached skill level 5 in Evocations
 11203 | Lair:6   | Reached skill level 1 in Air Magic
 11602 | Lair:6   | Got a glittering glass ring
 11609 | Lair:6   | Got a shimmering ivory amulet
 11631 | Lair:6   | Identified the ring of Gimoban {Dex+6 SInv} (You found it on level 6 of the Lair of Beasts)
 11641 | Lair:6   | Identified the amulet "Reclich" {Gourm rF+ Str+4} (You found it on level 6 of the Lair of Beasts)
 12369 | Swamp:1  | Reached skill level 15 in Spellcasting
 12529 | Swamp:2  | Noticed Donald
 12529 | Swamp:2  | Noticed Kirke
 12749 | Swamp:2  | Killed Donald
 12781 | Swamp:2  | Killed Kirke
 13055 | Swamp:2  | Reached skill level 5 in Air Magic
 13068 | Swamp:2  | Reached XP level 14. HP: 67/74 MP: 11/35
 13070 | Swamp:2  | Reached skill level 10 in Dodging
 13479 | Swamp:2  | Noticed Louise
 13513 | Swamp:2  | Killed Louise
 14123 | Orc:2    | Killed an orc warlord
 14344 | Orc:2    | Found a staircase to the Elven Halls.
 14721 | Orc:2    | Found Vima's Antique Armour Shop.
 14721 | Orc:2    | Found Limael's Antique Weapon Boutique.
 14746 | Orc:2    | Found Lieklisi's General Store.
 14746 | Orc:2    | Found Jaddenn's Book Shop.
 14774 | Orc:2    | Bought a book of Air for 490 gold pieces
 14777 | Orc:2    | Learned a level 2 spell: Swiftness
 14777 | Orc:2    | Bought a book of Minor Magic for 280 gold pieces
 14780 | Orc:2    | Learned a level 2 spell: Blink
 14781 | Orc:2    | Bought an uncursed ring of magical power for 320 gold pieces
 15327 | D:13     | Bought a potion of curing for 54 gold pieces
 15327 | D:13     | Bought a potion of curing for 54 gold pieces
 15542 | D:14     | Reached skill level 1 in Translocations
 15661 | D:15     | Entered Level 15 of the Dungeon
 15661 | D:15     | Noticed Azrael
 15822 | D:15     | Found a stormy altar of Qazlal.
 15868 | D:15     | Reached skill level 16 in Spellcasting
 15890 | D:15     | Killed Azrael
 16000 | D:15     | Found a sacrificial altar of Ru.
 16857 | D:15     | Found a staircase to the Depths.
 16884 | Depths:1 | Entered Level 1 of the Depths
 17201 | Depths:1 | Reached skill level 10 in Necromancy
 17329 | Depths:1 | Reached XP level 15. HP: 70/81 MP: 30/37
 17459 | Depths:1 | Reached skill level 5 in Fighting
 17506 | Depths:1 | Identified a scroll of acquirement
 17862 | Depths:1 | Found a gateway to Hell.
 18689 | Swamp:3  | Noticed a thorn hunter
 18698 | Swamp:3  | Killed a thorn hunter
 18939 | Swamp:4  | Entered Level 4 of the Swamp
 19114 | Swamp:4  | Reached ****** piety under Kikubaaqudgha
 19175 | Swamp:4  | Noticed the 27-headed Lernaean hydra
 19182 | Swamp:4  | Killed the 27-headed Lernaean hydra
 19279 | Swamp:4  | Reached skill level 10 in Conjurations
 19373 | Swamp:4  | Got a decaying rune of Zot
 19951 | Lair:5   | Found a staircase to the Slime Pits.
 20007 | Slime:1  | Entered Level 1 of the Pits of Slime
 20012 | Slime:1  | Noticed an azure jelly
 20022 | Slime:1  | Killed an azure jelly
 20165 | Slime:2  | Noticed an acid blob
 20225 | Slime:2  | Noticed an acid blob
 20280 | Slime:1  | HP: 2/84 [slime creature (5)]
 20280 | Slime:1  | Annihilated by an acid blob

Skill      XL: |  1  2  3  4  5  6  7  8  9 10 11 12 13 14 15 |
---------------+----------------------------------------------+-----
Spellcasting   | 4 5 6 8 9 10 11 12 14 15 16 | 16.9
Ice Magic      | 4 5 6 7 8 9 10 11 12 13 | 13.2
Conjurations   | 2 3 4 6 8 9 10 | 10.1
Summonings     | 1 2 3 4 6 7 8 |  8.0
Necromancy     | 2 4 6 7 9 10 | 10.7
Evocations     | 1 2 3 4 5 7 |  7.0
Fighting       | 2 3 4 5 |  5.8
Armour         | 1 2 3 4 |  4.7
Dodging        | 5 6 8 9 10 11 | 11.1
Transmutations | 2 3 4 |  4.0
Charms         | 1 6 |  6.3
Air Magic      | 5 7 8 |  8.4
Translocations | 2 |  2.1
Stealth        | |  2.4

Action                   |  1- 3 |  4- 6 |  7- 9 | 10-12 | 13-15 || total
-------------------------+-------+-------+-------+-------+-------++-------
Melee: Unarmed           |     1 |       |       |     5 |       ||     6
       Spear             |     2 |    22 |    78 |     9 |       ||   111
       Short sword       |     1 |       |       |       |       ||     1
       Scimitar          |       |       |       |     2 |       ||     2
       Great sword       |       |       |       |     2 |     5 ||     7
       War axe           |       |       |       |     1 |       ||     1
 Cast: Freeze            |    34 |    31 |    62 |    40 |    14 ||   181
       Throw Frost       |     3 |     3 |     4 |    68 |    67 ||   145
       Ozocubu's Armour  |     1 |     5 |    13 |    49 |   100 ||   168
       Summon Ice Beast  |       |    25 |    86 |   160 |   209 ||   480
       Regeneration      |       |       |     8 |    98 |   159 ||   265
       Sublimation of Bl |       |       |    10 |   173 |   300 ||   483
       Dispel Undead     |       |       |     3 |    24 |     7 ||    34
       Throw Icicle      |       |       |       |   141 |   240 ||   381
       Simulacrum        |       |       |       |    15 |    74 ||    89
       Ice Form          |       |       |       |     4 |     5 ||     9
       Freezing Cloud    |       |       |       |       |    73 ||    73
       Blink             |       |       |       |       |     5 ||     5
Invok: Receive Corpses   |       |       |       |    12 |    41 ||    53
       Torment           |       |       |       |     1 |       ||     1
 Abil: End Transformatio |       |       |       |     4 |     4 ||     8
Evoke: Wand              |       |       |     1 |     2 |     7 ||    10
       Rod               |       |       |       |     3 |       ||     3
       Disc of storms    |       |       |       |       |     2 ||     2
       Phial of floods   |       |       |       |       |     1 ||     1
  Use: Potion            |     1 |       |     2 |    12 |     9 ||    24
       Scroll            |     2 |     6 |     4 |    17 |    11 ||    40
 Stab: Sleeping          |     2 |     1 |       |       |       ||     3
       Distracted        |       |       |     5 |     1 |       ||     6
  Eat: Chunk             |       |     8 |    10 |    25 |    59 ||   102
       Beef jerky        |       |       |     1 |     1 |       ||     2
       Meat ration       |       |       |     1 |       |     2 ||     3
       Bread ration      |       |       |       |     1 |     1 ||     2
       Fruit             |       |       |       |     2 |     3 ||     5
       Pizza             |       |       |       |       |     2 ||     2
Armor: Robe              |     2 |     2 |       |       |       ||     4
       Leather armour    |       |     6 |    11 |       |       ||    17
       Troll leather arm |       |       |    38 |    32 |    35 ||   105
       Skin              |       |       |       |     2 |     1 ||     3
       Swamp dragon scal |       |       |       |       |     2 ||     2
Dodge: Dodged            |    15 |    25 |    64 |   107 |   135 ||   346
       Rpst.: Great sword |       |       |       |     3 |    23 ||    26
